 Dungeon Crawl Stone Soup version 0.22-a0-815-gb582571 (webtiles) character file.

287 iamserjio the Digger (level 6, 0/41 HPs)
             Began as a Barachi Earth Elementalist on July 23, 2018.
             Slain by a wight
             ... wielding a +3 hand axe of freezing
              (4 damage)
             ... on level 4 of the Dungeon.
             The game lasted 00:10:05 (839 turns).

iamserjio the Digger (Barachi Earth Elementalist)    Turns: 839, Time: 00:10:06

Health: 0/41       AC:  2    Str: 10    XL:     6   Next: 30%
Magic:  0/11       EV: 12    Int: 17    God:
Gold:   131        SH:  0    Dex: 12    Spells: 8/12 levels left

rFire    . . .     SeeInvis .   g - +3 mace
rCold    . . .     Gourm    .   (no shield)
rNeg     . . .     Faith    .   c - +0 robe
rPois    .         Spirit   .   (no helmet)
rElec    .         Reflect  .   (no cloak)
rCorr    .         Harm     .   (no gloves)
MR       .....                  (no boots)
Stlth    +.........             (no amulet)
HPRegen  0.13/turn              s - ring of attention (curse)
MPRegen  0.12/turn              (no ring)

@: can't hop, very slightly contaminated, drained, slow
A: +LOS, swims, slowness 1, strong legs 1
a: Hop


You were on level 4 of the Dungeon.
You were not hungry.

You visited 1 branch of the dungeon, and saw 4 of its levels.
You also visited: Sewer.

You collected 131 gold pieces.

Inventory:

Hand Weapons
 a - a +0 dagger
 f - a cursed -3 club
 g - a +3 mace (weapon)
 q - a +0 spear
 r - a +0 trident
Missiles
 b - 69 stones (quivered)
 j - 2 throwing nets {!f}
 l - 21 sling bullets
Armour
 c - a +0 robe (worn)
 h - a +0 buckler
 o - a +0 leather armour
Jewellery
 s - a cursed ring of attention (left hand)
Scrolls
 m - a scroll of enchant weapon
Potions
 e - a potion of haste
Comestibles
 d - 7 rations
 i - 4 chunks of flesh


   Skills:
 - Level 2.1(1.8) Dodging
 - Level 1.7(1.4) Stealth
 + Level 3.8(3.4) Spellcasting
 * Level 3.9(3.5) Conjurations
   Level 1.1(0.7) Transmutations
 + Level 4.7(4.3) Earth Magic


You had 8 spell levels left.
You knew the following spells:

 Your Spells              Type           Power        Failure   Level  Hunger
a - Sandblast             Erth           ###...       2%          1    None
b - Stone Arrow           Conj/Erth      ###...       10%         3    ###....

Your spell library contained the following spells:

 Spells                   Type           Power        Failure   Level  Hunger
 Passwall                 Tmut/Erth      ##......     9%          2    ##.....
 Lee's Rapid Deconstruct  Erth           ###.......   61%         5    ######.
 Petrify                  Tmut/Erth      ##......     52%         4    ####...


Dungeon Overview and Level Annotations

Branches:
Dungeon (3/15)

Altars:


Innate Abilities, Weirdness & Mutations

Shadows flee at your approach. (+LOS)
You can swim through water.
You cover ground slowly.
You can hop short distances.


Message History

Aim: a wight, wielding a hand axe of freezing and wearing a robe (severely damaged)
The blast of sand hits the wight.
The wight is severely damaged.
b - 70 stones
Casting: Sandblast (safe; 2% risk of failure)
Confirm with . or Enter, or press ? or * to list all spells.
Aiming: Sandblast (safe; 2% risk of failure)
Press: ? - help, Shift-Dir - straight line, f/p - wight
Aim: a wight, wielding a hand axe of freezing and wearing a robe (severely damaged)
The blast of sand hits the wight.
The wight is severely damaged.
b - 69 stones The wight hits you with a hand axe of freezing.
The wight freezes you.
You hit the wight.
The wight is severely damaged.
The wight hits you with a hand axe of freezing!
* * * LOW HITPOINT WARNING * * *
The wight freezes you.
You die...

#### ####
##≈≈####≈≈##
#≈≈≈≈≈≈≈≈≈≈#
##≈÷####≈≈##
#≈##≈≈##≈#
#≈≈≈≈z@#≈#
#≈≈≈≈≈≈#≈#
####≈≈##≈#
####≈≈####z≈##
#).≈≈[≈†)≈≈≈≈#
#.##≈≈####≈≈##
#. #### ####
#. #.


You could see a wight.

Vanquished Creatures
  Purgy (Sewer)
  3 wights (D:4)
  A hound skeleton (D:4)
  An adder (D:2)
  2 oozes (D:2)
  4 leopard geckos
  9 bats
  2 giant cockroaches (D:1)
  A goblin (D:1)
  4 hobgoblins
  3 kobolds
  A quokka (D:2)
  6 rats
38 creatures vanquished.

Notes
Turn   | Place    | Note
-------+----------+-------------------------------------------
     0 | D:1      | iamserjio the Barachi Earth Elementalist began the quest for the Orb.
     0 | D:1      | Reached XP level 1. HP: 13/13 MP: 3/3
    76 | D:1      | Reached XP level 2. HP: 18/19 MP: 3/5
   420 | D:2      | Reached XP level 3. HP: 17/24 MP: 7/7
   434 | D:2      | Learned a level 3 spell: Stone Arrow
   604 | D:2      | You fall through a shaft for 2 floors!
   622 | D:4      | Reached skill level 1 in Conjurations
   622 | D:4      | Reached skill level 4 in Earth Magic
   622 | D:4      | Reached XP level 4. HP: 15/30 MP: 3/8
   664 | D:4      | Found a glowing drain.
   670 | Sewer    | Entered a sewer
   695 | Sewer    | Noticed Purgy
   702 | Sewer    | Killed Purgy
   702 | Sewer    | Reached XP level 5. HP: 4/35 MP: 3/10
   781 | D:4      | Reached XP level 6. HP: 16/41 MP: 5/11
   839 | D:4      | Slain by a wight

Vault maps used:
D:1:      shiori_shiawase, minmay_tetromino_s4
D:4:      serial_shops, nicolae_shop_stone, shop_fountains,
          gup_sewer_entry_bubbles, uniq_ijyb, uniq_duvessa, uniq_edmund
Sewer:    sewer_big_baddie

Skill      XL: |  1  2  3  4 |
---------------+-------------+-----
Spellcasting   | 3 |  3.8
Conjurations   | 1 3 |  3.9
Earth Magic    | 4 |  4.7
Dodging        | |  2.1
Stealth        | |  1.7
Transmutations | |  1.1

Action                   |  1- 3 |  4- 6 || total
-------------------------+-------+-------++-------
Melee: Dagger            |    38 |       ||    38
       Spear             |    11 |    14 ||    25
       Mace              |       |    20 ||    20
 Cast: Sandblast         |    26 |    25 ||    51
 Abil: Hop               |       |     1 ||     1
  Use: Scroll            |     3 |       ||     3
       Potion            |       |     6 ||     6
 Stab: Sleeping          |     3 |     2 ||     5
Armor: Robe              |    13 |    12 ||    25
Dodge: Dodged            |    32 |    62 ||    94

Table legend:
 A = Spawn XP
 B = Non-spawn XP
 C = Spawn XP percentage of total XP
 D = Spawn monster count
 E = Non-spawn monster count
 F = Spawn count percentage of total count
 G = Total turns spent on level
                    A         B        C        D         E        F      G
               +---------+---------+-------+---------+---------+-------+---------
         Total |       0 |     411 |   0.0 |       0 |      38 |   0.0 |   839
               +---------+---------+-------+---------+---------+-------+---------
           D:1 |       0 |      21 |   0.0 |       0 |      11 |   0.0 |   325
           D:2 |       0 |      39 |   0.0 |       0 |      12 |   0.0 |   277
           D:4 |       0 |     212 |   0.0 |       0 |       9 |   0.0 |   153
         Sewer |       0 |     139 |   0.0 |       0 |       6 |   0.0 |    82
               +---------+---------+-------+---------+---------+-------+---------
